 Dungeon Crawl Stone Soup version 0.30-a0-840-ga523dec638 (webtiles) character file.

Game seed: 11130884710387236644

10155 xian the Cleaver (level 11, -7/141 HPs)
             Began as a Green Draconian Berserker on Mar 2, 2023.
             Was an Elder of Trog.
             Mangled by a fire elemental (11 damage)
             ... on level 10 of the Dungeon.
             The game lasted 00:27:02 (9448 turns).

xian the Cleaver (Green Draconian Berserker)        Turns: 9448, Time: 00:27:03

Health: -7/141     AC: 12    Str: 24    XL:     11   Next: 32%
Magic:  11/11      EV: 12    Int: 11    God:    Trog [****..]
Gold:   558        SH:  9    Dex:  8    Spells: 10/10 levels left

rFire   . . .      SeeInvis +    I - +2 hand axe (heavy)
rCold   . . .      Faith    .    s - +0 kite shield
rNeg    . . .      Spirit   .    (body armour unavailable)
rPois   +          Reflect  .    o - +2 hat "Ili Wowi" {Will+ Int+3 Dex-2 Slay+2}
rElec   .          Harm     .    f - +0 cloak
rCorr   .          Rampage  .    w - +1 Delatra's gloves {ID++}
Will    ++...                    (no boots) Stlth
                                 J - amulet of the acrobat
HPRegen 0.43/turn                t - ring of willpower
MPRegen 0.12/turn                y - ring of see invisible

@: berserking, short of breath, studying Short Blades, very quick
A: breathe noxious fumes, AC +7, unfitting armour, poison resistance,
cold-blooded
a: Breathe Noxious Fumes, Renounce Religion, Berserk, Trog's Hand, Brothers in
Arms


You were on level 10 of the Dungeon.
You worshipped Trog.
Trog was greatly pleased with you.
You visited 1 branch of the dungeon, and saw 10 of its levels.

You collected 753 gold pieces.
You spent 195 gold pieces at shops.

Inventory:

Hand Weapons
 a - a +4 shortbow of flaming
 I - a +2 heavy hand axe (weapon)
Missiles
 e - 116 stones (quivered)
 F - 10 poisoned darts
Armour
 f - a +0 cloak (worn)
 o - the +2 hat "Ili Wowi" (worn) {Will+ Int+3 Dex-2 Slay+2}
   (You acquired it on level 3 of the Dungeon)

   Int:       It affects your intelligence (+3).
   Dex:       It affects your dexterity (-2).
   Slay:      It affects your accuracy & damage with ranged weapons and melee
   (+2).
   Will:      It increases your willpower.
 s - a +0 kite shield (worn)
 w - the +1 Delatra's gloves (worn) {ID++}
   (You found it on level 6 of the Dungeon)

   ID++:      It heals its wearer when they drink unknown potions, and restores
   their MP when they read unknown scrolls.
Jewellery
 t - a ring of willpower (left hand)
 u - a ring of protection from cold
 y - a ring of see invisible (right hand)
 A - a ring of ice
 E - a ring of ice
 J - an amulet of the acrobat (around neck)
Wands
 v - a wand of mindburst (4)
 z - a wand of iceblast (8)
Scrolls
 b - 4 scrolls of fog {unknown}
 i - 3 scrolls of blinking {unknown}
 j - 3 scrolls of poison
 l - 2 scrolls of magic mapping {unknown}
 q - 2 scrolls of immolation
 x - 3 scrolls of enchant weapon {unknown}
 B - 3 scrolls of torment {unknown}
 C - a scroll of amnesia {unknown}
 D - 4 scrolls of identify
 G - a scroll of silence {unknown}
 K - a scroll of enchant armour {unknown}
 L - 2 scrolls of teleportation
Potions
 c - 7 potions of attraction {unknown}
 d - 6 potions of heal wounds
 g - 3 potions of mutation
 h - a potion of cancellation
 k - 4 potions of brilliance {unknown}
 m - 4 potions of flight {unknown}
 n - a potion of resistance
 p - 3 potions of invisibility {unknown}
 r - 5 potions of curing
 H - a potion of lignification {unknown}


   Skills:
 + Level 8.3 Fighting
 + Level 11.2 Axes
 + Level 1.1 Throwing
 + Level 8.1 Dodging
 + Level 5.7 Stealth
 + Level 7.2 Shields


You had 10 spell levels left.
You didn't know any spells.
Your spell library contained the following spells:

 Spells                   Type           Power      Damage    Failure   Level
 Freeze                   Ice            0%         1d3       65%         1
 Shock                    Conj/Air       0%         1d3       65%         1
 Sting                    Tmut/Pois      0%         1d3       65%         1
 Blink                    Tloc           0%         N/A       80%         2
 Lesser Beckoning         Tloc           0%         N/A       80%         2
 Momentum Strike          Conj/Tloc      0%         3d8       80%         2
 Poisonous Vapours        Pois/Air       0%         N/A       80%         2
 Frozen Ramparts          Ice            0%         1d1       95%         3
 Hailstorm                Conj/Ice       0%         3d3       95%         3
 Swiftness                Air            0%         N/A       95%         3
 Airstrike                Air            0%         2d(0-16)  100%        4
 Olgreb's Toxic Radiance  Pois           0%         N/A       100%        4


Dungeon Overview and Level Annotations

Branches:
Dungeon (10/15)            Temple (0/1) D:7
   Lair: D:8-11         Orc: D:9-12

Altars:
Kikubaaqudgha
Trog
Vehumet
Wu Jian

Shops:
D:3 (   D:5 =


Innate Abilities, Weirdness & Mutations

You can breathe blasts of noxious fumes.
Your lurid green scales are hard. (AC +7)
You cannot fit into any form of body armour.
Your system is resistant to poisons. (rPois)
You are cold-blooded and may be slowed by cold attacks.


Message History

The fire dragon bites you but does no damage.
The fire dragon claws you but does no damage.
The fire dragon tramples you.
You stumble backwards!
The smoke demon is engulfed in blazing flames.
You barely miss the fire dragon.
The fire dragon is moderately wounded.
You barely miss the fire elemental. The fire dragon barely misses you.
The fire dragon claws you but does no damage.
You block the fire dragon's attack. You block the fire elemental's attack.
You slice the fire dragon!!
The fire dragon is heavily wounded.
You hit the fire elemental. The fire elemental closely misses you.
The fire dragon bites you!
* * * LOW HITPOINT WARNING * * *
The fire dragon claws you.
* * * LOW HITPOINT WARNING * * *
The fire dragon tramples you but does no damage.
A yak comes into view.
The smoke demon is engulfed in blazing flames.
The smoke demon gestures at you. Something smites you!
* * * LOW HITPOINT WARNING * * *
You are too berserk!
You hit the fire dragon.
The fire dragon is heavily wounded.
You slash the fire elemental! The fire elemental closely misses you.
You slice the fire dragon!!
Your tail-slap misses the fire dragon.
The fire dragon is almost dead.
You slash the fire elemental! The fire dragon barely misses you.
The fire dragon claws you but does no damage.
You block the fire dragon's attack.
The smoke demon is engulfed in blazing flames.
The smoke demon gestures at you.
The ball of steam misses the fire elemental.
The ball of steam hits you!
* * * LOW HITPOINT WARNING * * *
The fire elemental hits you.
* * * LOW HITPOINT WARNING * * *
The fire elemental burns you!
You die...

..................#
.....>............# ..#
................Y.####..#
........................#
........................#
........................#
.....####...............#
.....# #...###§........#
# .....# #...#
#.@E......# .# .....#
#...# #..D3.$...###.#
.....# #...#
#.............###. #...#
#.###.###......... #...#
####°..###.##..... #...#
##.....#### ....
##.......## ##
##.##...##.## ##.. .D...
b.##


You could see a fire dragon, a yak, a smoke demon and a fire elemental.

Vanquished Creatures
  2 death yaks (D:10)
  A troll (D:10)
  2 hornets
  Grinder (D:5)
  Sigmund (D:5)
  A wraith (D:10)
  21 yaks
  3 wyverns
  Edmund (D:5)
  4 steam dragons
  An acid dragon (D:9)
  A water moccasin (D:7)
  A black bear (D:5)
  3 orc warriors
  A sky beast (D:8)
  2 ice beasts (D:6)
  2 centaurs
  A kobold brigand (D:7)
  A phantom (D:4)
  4 scorpions
  2 bullfrogs
  17 wights
  4 killer bees (D:8)
  7 howler monkeys
  7 hounds
  4 jellies
  3 orc priests
  2 gnoll boudas
  2 iguanas
  6 orc wizards
  8 adders
  5 gnolls (D:4)
  A shadow imp (D:7)
  2 white imps
  An ufetubus (D:5)
  3 worms (D:2)
  4 dart slugs
  41 orcs
  6 ball pythons
  7 endoplasms
  2 giant cockroaches
  6 goblins
  6 hobgoblins
  8 jackals
  15 kobolds
  A quokka (D:4)
  4 bats
  2 frilled lizards
  8 rats
238 creatures vanquished.

Vanquished Creatures (others)
  A wizard (D:3)
  A wight (D:9)
2 creatures vanquished.

Grand Total: 240 creatures vanquished

Notes
Turn   | Place    | Note
-------+----------+-------------------------------------------
     0 | D:1      | xian the Draconian Berserker began the quest for the Orb.
     0 | D:1      | Reached XP level 1. HP: 19/19 MP: 1/1
   164 | D:1      | Reached XP level 2. HP: 26/26 MP: 2/2
   767 | D:2      | Reached XP level 3. HP: 33/33 MP: 3/3
  1009 | D:2      | Reached ** piety under Trog
  1240 | D:2      | Reached skill level 4 in Axes
  1434 | D:2      | Reached XP level 4. HP: 38/40 MP: 4/4
  1650 | D:2      | Reached skill level 1 in Stealth
  2113 | D:3      | Reached XP level 5. HP: 46/46 MP: 5/5
  2179 | D:3      | Identified a scroll of acquirement
  2180 | D:3      | Acquired the +2 hat "Ili Wowi" {Will+ Int+3 Dex-2 Slay+2}
  2200 | D:3      | Found Yla Esokk's Antique Weapon Emporium.
  2551 | D:3      | Found a bloodstained altar of Trog.
  2554 | D:3      | Noticed a wizard
  2560 | D:3      | Killed a wizard
  2659 | D:4      | Reached skill level 5 in Axes
  2794 | D:4      | Reached XP level 6. HP: 42/53 MP: 6/6
  2859 | D:4      | Reached *** piety under Trog
  2875 | D:4      | Your scales start taking on a lurid green colour.
  2875 | D:4      | Reached XP level 7. HP: 60/60 MP: 7/7
  2875 | D:4      | Gained mutation: Your system is resistant to poisons.
                  | (rPois) [Green Draconian growth]
  3204 | D:4      | Found a radiant altar of Vehumet.
  3435 | D:5      | Entered Level 5 of the Dungeon
  3462 | D:5      | Reached skill level 1 in Shields
  3535 | D:5      | Noticed Edmund
  3549 | D:5      | Killed Edmund
  3550 | D:5      | Reached skill level 6 in Axes
  3649 | D:5      | Noticed Sigmund
  3658 | D:5      | Killed Sigmund
  3659 | D:5      | Reached skill level 5 in Fighting
  3739 | D:5      | Found Kibu's Jewellery Boutique.
  3762 | D:5      | Noticed Grinder
  3782 | D:5      | Reached skill level 5 in Dodging
  3782 | D:5      | Reached XP level 8. HP: 54/68 MP: 8/8
  3976 | D:5      | Reached skill level 7 in Axes
  3993 | D:5      | Bought a ring of see invisible for 195 gold pieces
  4050 | D:5      | Killed Grinder
  4888 | D:6      | Found an ornate altar of the Wu Jian Council.
  5004 | D:6      | Reached skill level 8 in Axes
  5004 | D:6      | Reached XP level 9. HP: 75/75 MP: 9/9
  5102 | D:6      | Found the +1 Delatra's gloves {ID++}
  5694 | D:7      | Reached skill level 5 in Shields
  5707 | D:7      | Found a staircase to the Ecumenical Temple.
  5825 | D:7      | Reached skill level 9 in Axes
  5992 | D:7      | Reached **** piety under Trog
  5993 | D:7      | Reached skill level 1 in Throwing
  5996 | D:7      | Reached XP level 10. HP: 52/84 MP: 10/10
  6012 | D:7      | HP: 1/84 [yak (13)]
  6950 | D:8      | Reached skill level 10 in Axes
  7053 | D:8      | Reached skill level 5 in Stealth
  7967 | D:9      | Found an ancient bone altar of Kikubaaqudgha.
  8152 | D:9      | Reached XP level 11. HP: 69/94 MP: 11/11
  9065 | D:10     | Entered Level 10 of the Dungeon
  9200 | D:10     | Reached skill level 11 in Axes
  9230 | D:10     | Noticed a death yak
  9245 | D:10     | Noticed a death yak
  9252 | D:10     | Killed a death yak
  9255 | D:10     | Killed a death yak
  9431 | D:10     | Noticed a fire dragon
  9448 | D:10     | HP: 5/141 [smoke demon/ball of steam (11)]
  9448 | D:10     | Mangled by a fire elemental

Illustrated notes

Levels and vault maps discovered:
D:1:      dpeg_arrival_windows_large_door, layout_loops_ring
D:2:      layout_basic
D:3:      layout_loops_ring, trog_wizard, serial_shops,
          nicolae_shop_temple_entry_statues_fountains
D:4:      layout_basic, vehumet_crystals,
          nicolae_concentric_dashed_squares_mild, grunt_tough_drop
D:5:      layout_cave_pools, serial_shops,
          nicolae_shop_competitors_out_of_business,
          kennysheep_decorative_pillar, grunt_ministairs_3,
          small_statue_intersection, nicolae_figureground_pulse, uniq_edmund,
          uniq_grinder, uniq_sigmund
D:6:      wander_river, layout_cave_pools, nzn_wu_jian_contemplation,
          pf_guarded_unrand_delatra
D:7:      layout_loops_ring, minmay_temple_entry_sparse_star
D:8:      layout_cave_pools, minmay_manual_mess
D:9:      layout_layer_cave, mainiacjoe_overflow_alcove_1
D:10:     minmay_firetagon, layout_long_grid,
          chequers_temple_overflow_statue_of_worship, dpeg_lair_monsters

Skill      XL: |  1  2  3  4  5  6  7  8  9 10 11 |
---------------+----------------------------------+-----
Dodging        | 3 4 5 6 7 8 |  8.1
Axes           | 4 5 6 8 9 10 11 | 11.2
Fighting       | 4 5 6 7 8 |  8.3
Stealth        | 1 2 4 5 |  5.7
Shields        | 1 3 5 6 7 |  7.2
Throwing       | 1 |  1.1

Action                     |  1- 3 |  4- 6 |  7- 9 | 10-12 || total
---------------------------+-------+-------+-------+-------++-------
  Melee: Hand axe          |    95 |   134 |   243 |   198 ||   670
         Tailslap          |    15 |     9 |    42 |    34 ||   100
  Throw: Stone             |       |       |    11 |       ||    11
 Invoke: Berserk           |     1 |     5 |    10 |     8 ||    24
         Trog's Hand       |       |     2 |     2 |       ||     4
Ability: Breathe Noxious F |       |       |    12 |    18 ||    30
    Use: Scroll            |       |     7 |     5 |       ||    12
   Stab: Sleeping          |     1 |     1 |       |     1 ||     3
         Confused          |       |       |     7 |     9 ||    16
 Armour: Skin              |    36 |    62 |   103 |    76 ||   277
  Dodge: Dodged            |    69 |    85 |   137 |   132 ||   423
  Block: Kite shield       |       |    24 |   105 |   107 ||   236

Table legend: (Time is in decaauts)
 A = Elapsed time spent in this place.
 B = Non-inter-level travel time spent in this place.
 C = Inter-level travel time spent in this place.
 D = Time resting spent in this place.
 E = Time spent auto-exploring this place.
 F = Levels seen in this place.
 G = Mean time per level.
                   A        B        C        D        E       F      G
               +--------+--------+--------+--------+--------+-----+--------+
         Total |   9755 |   9528 |    227 |    821 |   6175 |  10 |  975.5 |
       Dungeon |   9755 |   9528 |    227 |    821 |   6175 |  10 |  975.5 |
               +--------+--------+--------+--------+--------+-----+--------+

Top non-repeatable levels by time:
     D:9: 1768 daAuts
     D:7: 1248 daAuts
     D:2: 1240 daAuts
     D:6: 1094 daAuts
     D:5: 1031 daAuts
     D:4: 855 daAuts
     D:8: 799 daAuts
     D:1: 730 daAuts
     D:3: 695 daAuts
    D:10: 290 daAuts
